 Dungeon Crawl Stone Soup version 0.30.1-4-g462c640d31 (webtiles) character file.

Game seed: 14413129362675651647

53 monsoonserge the Trooper (level 3, -4/33 HPs)
             Began as a Hill Orc Fighter on Aug 18, 2023.
             Engulfed by Sigmund's steam (5 damage)
             ... on level 2 of the Dungeon.
             The game lasted 00:02:32 (941 turns).

monsoonserge the Trooper (Hill Orc Fighter)          Turns: 941, Time: 00:02:32

Health: -4/33      AC:  9    Str: 20    XL:     3   Next: 87%
Magic:  3/3        EV:  7    Int:  8    God:
Gold:   94         SH:  0    Dex: 10    Spells: 2/2 levels left

rFire   . . .        a - +0 war axe
rCold   . . .        c - +0 buckler
rNeg    . . .        n - +0 chain mail
rPois   .            (no helmet)
rElec   .            (no cloak)
rCorr   .            (no gloves)
SInv    .            (no boots)
Will    .....        g - amulet of the acrobat Stlth
                     (no ring)
HPRegen 0.25/turn    (no ring)
MPRegen 0.08/turn

%: acrobat
@: confused, attractive, very slow
A: no striking features
a: no special abilities


You were on level 2 of the Dungeon.
You visited 1 branch of the dungeon, and saw 2 of its levels.

You collected 94 gold pieces.

Inventory:

Hand Weapons
 a - a +0 war axe (weapon)
Armour
 c - a +0 buckler (worn)
 n - a +0 chain mail (worn)
Magical Staves
 k - a staff of fire
Jewellery
 g - an amulet of the acrobat (around neck)
Scrolls
 f - 6 scrolls of identify {unknown}
 i - a scroll of acquirement {unknown}
Potions
 b - a potion of mutation {unknown}
 d - 4 potions of might
 e - a potion of brilliance {unknown}
 h - a potion of attraction
 j - a potion of curing {unknown}
 l - a potion of degeneration {unknown}
 m - a potion of berserk rage {unknown}


   Skills:
 + Level 4.1 Fighting
 + Level 3.8 Axes
 + Level 3.7 Armour
 + Level 0.1 Dodging
 + Level 3.7 Shields


You had 2 spell levels left.
You didn't know any spells.
Your spell library contained the following spells:

 Spells                   Type           Power      Damage    Failure   Level
 Necrotise                Necr           0%         1d4       99%         1
 Vampiric Draining        Necr           0%         2d6       100%        3
 Agony                    Necr           0%         N/A       100%        5


Dungeon Overview and Level Annotations

Branches:
Dungeon (2/15)

Altars:

Annotations:
D:2 Sigmund


Message History

You slash Sigmund!
Sigmund is moderately wounded.
Sigmund barely misses you.
You closely miss Sigmund.
Sigmund is moderately wounded.
Sigmund points at you and mumbles some strange words.
You are confused.
You closely miss Sigmund.
Sigmund is moderately wounded.
Sigmund hits you but does no damage.
You enter the shallow water.
Moving in this stuff is going to be slow.
Sigmund gestures at you while chanting.
You are more confused.
It was a potion of attraction.
You feel attractive to monsters. Sigmund closely misses you.
Sigmund is attracted toward you.
You closely miss Sigmund.
Sigmund is moderately wounded.
Sigmund closely misses you.
You bump into the rock wall.
You bump into the rock wall.
Sigmund barely misses you.
Your unstable footing causes you to fumble your attack.
Sigmund hits you but does no damage.
Sigmund flickers, as though insubstantial.
Sigmund points at you and mumbles some strange words.
The puff of flame hits you! Sigmund is attracted toward you.
You bump into the rock wall.
You are engulfed in a cloud of scalding steam.
Sigmund is engulfed in a cloud of scalding steam.
Sigmund splashes around in the water.
You nearly stumble into some deep water!
You are engulfed in a cloud of scalding steam.
Sigmund hits you with a +0 scythe of freezing!
* * * LOW HITPOINT WARNING * * *
Sigmund freezes you.
* * * LOW HITPOINT WARNING * * *
You nearly stumble into some deep water!
You are engulfed in a cloud of scalding steam.
You die...

#.##~~≈≈~.###.#...†#####
#.##.~≈≈~.###.#.#..#####
#####..88~≈≈~~88............
#...................#..#####
##.....................# ##.
##....88~~≈≈~88..##.... #[.
##...###~≈≈~~#.###..#.##)#
##....§@~≈≈~.......#..#.#
#....###@≈≈~.....#.##...#
#..### #~≈≈~~.##.......##
..........#
#~~≈≈~######..#.##
..........# #.~≈≈~# #......
.......g......~≈≈~# #...###.
...........###~≈≈~~# #..#.
#. ...........# ~~≈≈~#....#
## .....###.### #~≈≈~#.[. #.
..... .# . #.


You could see Sigmund.

Vanquished Creatures
  A worm (D:2)
  2 dart slugs (D:1)
  4 endoplasms
  2 giant cockroaches (D:1)
  4 goblins
  4 hobgoblins (D:1)
  4 jackals (D:1)
  4 kobolds
  4 quokkas
  3 ball pythons
  2 bats
  2 frilled lizards (D:2)
  3 rats (D:1)
39 creatures vanquished.

Notes
Turn   | Place    | Note
-------+----------+-------------------------------------------
     0 | D:1      | monsoonserge the Hill Orc Fighter began the quest for the
                  | Orb.
     0 | D:1      | Reached XP level 1. HP: 19/19 MP: 1/1
   160 | D:1      | Reached XP level 2. HP: 21/27 MP: 2/2
   175 | D:1      | Reached skill level 4 in Fighting
   294 | D:1      | Reached XP level 3. HP: 28/33 MP: 3/3
   914 | D:2      | Noticed Sigmund
   940 | D:2      | HP: 1/33 [Sigmund/+0 scythe of freezing (2)]
   941 | D:2      | Engulfed by Sigmund's steam

Illustrated notes

Levels and vault maps discovered:
D:1:      sevenhm_arrival_forest_fort_small_4, layout_basic, minmay_bisected
D:2:      wander_river, layout_rooms, fountainhead, minmay_pentomino_z2,
          uniq_sigmund

Skill      XL: |  1  2 |
---------------+-------+-----
Fighting       | 4 |  4.1
Axes           | 3 |  3.8
Armour         | |  3.7
Dodging        | |  0.1
Shields        | |  3.7

Action                     || total
---------------------------++-------
  Melee: War axe           ||    98
    Use: Potion            ||     1
 Armour: Scale mail        ||    21
         Chain mail        ||     9
  Dodge: Dodged            ||    62
  Block: Buckler           ||    31
